 Dungeon Crawl Stone Soup version 0.31-a0-149-g3fdcc5976a (webtiles) character file.

Game seed: 18326452592156018478

18360 qw the Marksminotaur (level 12, -12/108 HPs)
             Began as a Minotaur Hunter on June 7, 2023.
             Was an Elder of Okawaru.
             Mangled by a minotaur
             ... wielding the +9 war axe "Fahiunam" {protect, Fly Dex-5 SInv Stlth-}
              (25 damage)
             ... in a Gauntlet.
             The game lasted 00:05:35 (10671 turns).

qw the Marksminotaur (Minotaur Hunter)             Turns: 10671, Time: 00:05:36

Health: -12/108    AC: 18    Str: 23    XL:     12   Next: 27%
Magic:  16/16      EV: 29    Int:  6    God:    Okawaru [****..]
Gold:   399        SH:  0    Dex: 24    Spells: 11/11 levels left

rFire   . . .        Y - +1 orcbow (freeze)
rCold   + . .        (shield currently unavailable)
rNeg    . . .        r - +0 troll leather armour
rPois   .            b - +0 hat "Malussag" {Fly rC+ Slay+2}
rElec   +            j - +0 cloak
rCorr   .            g - +2 pair of gloves
SInv    .            d - +2 pair of boots of Spring {rElec Str+6 Stlth-}
Will    .....        (no amulet)
Stlth   ++           n - +6 ring of dexterity
HPRegen 1.18/turn    o - +5 ring of evasion
MPRegen 0.15/turn

%: no teleportation
@: heroic, flying
A: horns 2, retaliatory headbutt, iridescent scales 2
a: Renounce Religion, Heroism, Finesse


You were in a Gauntlet.
You worshipped Okawaru.
Okawaru was greatly pleased with you.
You visited 3 branches of the dungeon, and saw 14 of its levels.
You also visited: Gauntlet.

You collected 723 gold pieces.
You spent 324 gold pieces at shops.


Innate Abilities, Weirdness & Mutations

You have a pair of horns on your head.
You reflexively headbutt those who attack you in melee.
You are mostly covered in iridescent scales. (AC +4)


   Skills:
 + Level 10.6(15.6) Fighting
 - Level 16.1(21.1) Ranged Weapons
 - Level 5.1(10.1) Armour
 - Level 9.0(14.0) Dodging
 - Level 0.7(5.7) Stealth
 + Level 7.2 Invocations


You had 11 spell levels left.
You didn't know any spells.
Your spell library was empty.

Inventory:

Hand Weapons
 Y - a +1 orcbow of freezing (weapon)
Armour
 b - the +0 hat "Malussag" (worn) {Fly rC+ Slay+2}
   (You found it in a Gauntlet)

   Slay:      It affects your accuracy & damage with ranged weapons and melee
   (+2).
   rC:        It protects you from cold.
   Fly:       It grants you flight.
 d - the +2 pair of boots of Spring (worn) {rElec Str+6 Stlth-}
   (You found it on level 2 of the Dungeon)

   Str:       It affects your strength (+6).
   rElec:     It insulates you from electricity.
   Stlth:     It makes you less stealthy.
 g - a +2 pair of gloves (worn)
 j - a +0 cloak (worn)
 m - a +1 ring mail of fire resistance
 r - a +0 troll leather armour (worn)
Jewellery
 c - a ring of fire
 n - a +6 ring of dexterity (left hand)
 o - a +5 ring of evasion (right hand)
Scrolls
 f - a scroll of identify
 q - 4 scrolls of teleportation
Potions
 a - 4 potions of mutation
 e - a potion of cancellation
 h - 2 potions of curing
 p - 2 potions of might
 s - a potion of magic

Dungeon Overview and Level Annotations

Branches:
Dungeon (12/15)            Temple (1/1) D:7            Lair (1/5) D:11
    Orc (0/2) D:10        Gauntlet (1/1)

Altars:
Ashenzari
Cheibriados
Dithmenos
Elyvilon
Fedhas
Gozag
Hepliaklqana
Kikubaaqudgha
Makhleb
Nemelex Xobeh
Okawaru
Qazlal
Ru
Sif Muna
Trog
Uskayaw
Vehumet
Wu Jian
Xom
Yredelemnul
Zin
The Shining One

Shops:
D:9 ([   D:10 [

Annotations:
D:4 2 runed translucent doors, qw's ghost, amateur GrFi Gauntlet 8 transporters


Message History

The minotaur misses you.
10661 ||| DRINKING 2 potions of heal wounds.
You feel much better. The minotaur misses you. The minotaur closely misses you.
You shoot an arrow. The arrow hits the minotaur!
The arrow freezes the minotaur.
The minotaur is heavily wounded.
The minotaur completely misses you.
The minotaur gores you but does no damage.
You shoot an arrow. The minotaur blocks the arrow.
The minotaur hits you with the +9 war axe "Fahiunam" {protect, Fly Dex-5 SInv Stlth-}.
The minotaur barely misses you.
You shoot an arrow.
The arrow hits the minotaur but does no damage.
The minotaur is heavily wounded.
You shoot an arrow. The minotaur blocks the arrow.
The minotaur misses you. You furiously retaliate!
You headbutt the minotaur. The minotaur gores you!
You shoot an arrow.
The arrow hits the minotaur but does no damage.
The minotaur is heavily wounded.
The minotaur hits you with the +9 war axe "Fahiunam" {protect, Fly Dex-5 SInv Stlth-}!!
The minotaur closely misses you.
10667 ||| DRINKING potion of heal wounds.
You feel much better. The minotaur completely misses you.
You furiously retaliate!
You headbutt the minotaur!
The minotaur gores you but does no damage.
You shoot an arrow. The minotaur blocks the arrow.
You shoot an arrow. The minotaur blocks the arrow.
The minotaur closely misses you. You furiously retaliate!
You headbutt the minotaur. The minotaur completely misses you.
You shoot an arrow.
The arrow hits the minotaur but does no damage.
The minotaur is severely wounded.
The minotaur hits you with the +9 war axe "Fahiunam" {protect, Fly Dex-5 SInv Stlth-}!!
The minotaur misses you.
You shoot an arrow. The arrow hits the minotaur.
The arrow freezes the minotaur.
The minotaur is severely wounded.
The minotaur hits you with the +9 war axe "Fahiunam" {protect, Fly Dex-5 SInv Stlth-}!!
You die...

######...~#
.........############
8.....8.####........#
........~##..###.##.##
#####...##..........8#
....#...#....#.#.....#
###=#...#.8^.#.#.#######
#...#...#....#...#8.8)8/
^..^#.8.#.8^.###@H......
#%..#...#....#...#8.8|8:
###.#...#.8^.#.#.#######
....#...#....#.#.....#
#####...##..........8#
........~##..###.##.##
8.....8.####........#
.........############
######..¤¤#


You could see a minotaur.

Vanquished Creatures
  A reaper (Gauntlet)
  A dire elephant (Gauntlet)
  Fannar (D:10)
  A boulder beetle (D:11)
  3 two-headed ogres
  An orc knight (D:10)
  An ugly thing (D:12)
  3 manticores
  2 cyclopes
  3 elephants (Gauntlet)
  A cane toad (Lair:1)
  A kobold demonologist (D:10)
  An unseen horror (D:10)
  3 trolls
  A hornet (D:10)
  4 shadows
  2 wyverns
  12 yaks
  A vampire mosquito (D:10)
  Menkaure (D:4)
  An acid dragon (D:9)
  4 water moccasins
  4 black bears
  4 orc warriors
  A sky beast (D:7)
  5 ogres
  An ice beast (D:5)
  6 centaurs
  4 phantoms
  2 kobold brigands
  4 bullfrogs
  4 scorpions
  A gnoll sergeant (D:9)
  8 wights
  10 killer bees
  An electric eel (D:9)
  11 howler monkeys
  2 gnoll boudas
  4 jellies
  5 orc priests
  5 hounds
  A sleepcap (D:6)
  5 iguanas
  8 orc wizards
  13 gnolls
  3 adders
  2 shadow imps
  2 white imps
  An ufetubus (D:5)
  6 worms
  2 dart slugs
  57 orcs
  5 endoplasms
  4 giant cockroaches
  12 goblins
  6 hobgoblins
  6 kobolds
  7 quokkas
  11 ball pythons
  5 bats
  7 frilled lizards
  6 rats
300 creatures vanquished.

Notes
Turn   | Place    | Note
-------+----------+-------------------------------------------
     0 | D:1      | qw the Minotaur Hunter began the quest for the Orb.
     0 | D:1      | Reached XP level 1. HP: 18/18 MP: 0/0
     0 | D:1      | 0 ||| qw: Version: 0.2-a-117-gc6b5c8b
     0 | D:1      | 0 ||| qw: Game counter: 2598
     0 | D:1      | 0 ||| qw: Always use a shield: true
     0 | D:1      | 0 ||| qw: God list: Okawaru
     0 | D:1      | 0 ||| qw: Allow faded altars: false
     0 | D:1      | 0 ||| qw: Do Orc after D:15 true
     0 | D:1      | 0 ||| qw: Do second Lair branch before Depths: true
     0 | D:1      | 0 ||| qw: Lair rune preference: random
     0 | D:1      | 0 ||| qw: Plans: Normal
     0 | D:1      | 0 ||| PLANNING D:1-11
   158 | D:1      | Reached XP level 2. HP: 25/25 MP: 1/1
   163 | D:1      | Reached skill level 5 in Ranged Weapons
   438 | D:1      | Reached skill level 3 in Fighting
   442 | D:1      | 442 ||| UPGRADING to +2 pair of gloves.
   659 | D:1      | 659 ||| READING scroll labelled ZEELUI COJ ZIL.
   660 | D:1      | 660 ||| READING scroll labelled UBLYUH HA BAOS.
   661 | D:1      | 661 ||| DROPPING scroll of butterflies.
   738 | D:2      | Identified the +2 pair of boots of Spring {rElec Str+6
                  | Stlth-}
   799 | D:2      | Reached XP level 3. HP: 26/31 MP: 2/2
   858 | D:2      | Identified the +5 hand axe "Jegod" {heavy, rC+++ rN+ Int-2
                  | SInv}
  1157 | D:2      | 1157 ||| UPGRADING to +2 pair of boots of Spring {rElec
                  | Str+6 Stlth-}.
  1162 | D:2      | 1162 ||| READING 2 scrolls labelled IMUMEM KOSCHO.
  1163 | D:2      | 1163 ||| READING scroll labelled ADASTR SUSCH.
  1216 | D:2      | 1216 ||| DRINKING 3 coppery potions.
  1217 | D:2      | 1217 ||| DROPPING scroll of amnesia.
  1282 | D:3      | Reached skill level 1 in Armour
  1340 | D:3      | Reached XP level 4. HP: 36/38 MP: 3/3
  1356 | D:3      | Reached skill level 6 in Ranged Weapons
  1507 | D:3      | 1507 ||| FLEEEEING.
  1508 | D:3      | 1508 ||| FLEEEEING.
  1509 | D:3      | 1509 ||| FLEEEEING.
  1510 | D:3      | 1510 ||| FLEEEEING.
  1511 | D:3      | 1511 ||| FLEEEEING.
  1512 | D:3      | 1512 ||| FLEEEEING.
  1513 | D:3      | 1513 ||| FLEEEEING.
  1517 | D:3      | 1517 ||| FLEEEEING.
  1518 | D:3      | 1518 ||| FLEEEEING.
  1523 | D:3      | 1523 ||| FLEEEEING.
  1524 | D:3      | 1524 ||| FLEEEEING.
  1525 | D:3      | 1525 ||| FLEEEEING.
  1526 | D:3      | 1526 ||| FLEEEEING.
  1527 | D:3      | 1527 ||| FLEEEEING.
  1536 | D:3      | 1536 ||| FLEEEEING.
  1545 | D:3      | HP: 9/38 [something (1)]
  1565 | D:3      | HP: 8/38 [something (2)]
  1573 | D:3      | 1573 ||| DRINKING 2 potions of heal wounds.
  1654 | D:3      | Reached XP level 5. HP: 46/46 MP: 4/4
  2153 | D:3      | 2153 ||| UPGRADING to +2 hat.
  2158 | D:3      | 2158 ||| UPGRADING to +0 leather armour of cold resistance.
  2168 | D:3      | 2168 ||| DROPPING +0 leather armour.
  2169 | D:3      | 2169 ||| UPGRADING to +2 leather armour of cold resistance.
  2179 | D:3      | 2179 ||| DROPPING +0 leather armour of cold resistance.
  2180 | D:3      | 2180 ||| DROPPING ring of wizardry.
  2181 | D:3      | 2181 ||| READING 2 scrolls labelled DIGUBI FAUMN.
  2184 | D:3      | 2184 ||| DRINKING 3 black potions.
  2184 | D:3      | Gained mutation: You are partially covered in iridescent
                  | scales. (AC +2) [potion of mutation]
  2184 | D:3      | Gained mutation: You are mostly covered in iridescent
                  | scales. (AC +4) [potion of mutation]
  2185 | D:3      | 2185 ||| READING 2 scrolls of identify.
  2185 | D:3      | 2185 ||| IDENTIFYING glowing white potion
  2186 | D:3      | 2186 ||| DROPPING potion of enlightenment.
  2355 | D:4      | Noticed Menkaure
  2363 | D:4      | HP: 9/46 [??? (6)]
  2364 | D:4      | 2364 ||| READING scroll of teleportation.
  2365 | D:4      | 2365 ||| DRINKING 4 potions of heal wounds.
  2367 | D:4      | Killed Menkaure
  2368 | D:4      | Reached skill level 7 in Ranged Weapons
  2368 | D:4      | Reached XP level 6. HP: 38/52 MP: 5/5
  2503 | D:4      | Reached skill level 8 in Ranged Weapons
  2559 | D:4      | Reached skill level 3 in Dodging
  2661 | D:4      | Reached XP level 7. HP: 60/60 MP: 6/6
  2861 | D:4      | Found a large runed translucent door.
  2862 | D:4      | Found a large runed translucent door.
  2864 | D:4      | Noticed qw's ghost (amateur GrFi)
  2939 | D:4      | 2939 ||| UPGRADING to +4 ring of protection.
  2959 | D:5      | Entered Level 5 of the Dungeon
  3169 | D:5      | Reached skill level 9 in Ranged Weapons
  3313 | D:5      | Reached skill level 6 in Fighting
  3384 | D:5      | Reached XP level 8. HP: 71/71 MP: 7/7
  3652 | D:5      | Reached skill level 10 in Ranged Weapons
  3822 | D:5      | Reached skill level 3 in Armour
  4031 | D:5      | Found a stormy altar of Qazlal.
  4136 | D:5      | 4136 ||| READING scroll labelled FODUAT HIECOIR.
  4137 | D:5      | 4137 ||| READING 3 scrolls of identify.
  4137 | D:5      | 4137 ||| IDENTIFYING sapphire potion
  4138 | D:5      | 4138 ||| READING 2 scrolls of identify.
  4138 | D:5      | 4138 ||| IDENTIFYING emerald potion
  4139 | D:5      | 4139 ||| DROPPING potion of brilliance.
  4427 | D:6      | Found a hazy altar of Hepliaklqana.
  4433 | D:6      | 4433 ||| Stepping ~*~*~tactically~*~*~ (outnumbered).
  4540 | D:6      | Found a sparkling altar of Nemelex Xobeh.
  4627 | D:6      | Found a snail-covered altar of Cheibriados.
  4639 | D:6      | Reached skill level 11 in Ranged Weapons
  4659 | D:6      | Reached XP level 9. HP: 79/79 MP: 8/8
  4838 | D:6      | 4838 ||| UPGRADING to +5 ring of evasion.
  4839 | D:6      | 4839 ||| READING scroll labelled JOTZITHRO OHUPN.
  4840 | D:6      | 4840 ||| READING scroll labelled NITIUTTECSOEN.
  4883 | D:7      | 4883 ||| STAIRDANCE
  5035 | D:7      | 5035 ||| DRINKING 3 potions of curing.
  5035 | D:7      | 5035 ||| (to cure confusion)
  5036 | D:7      | 5036 ||| DRINKING 2 potions of curing.
  5036 | D:7      | 5036 ||| (to cure confusion)
  5044 | D:7      | 5044 ||| FLEEEEING.
  5045 | D:7      | 5045 ||| FLEEEEING.
  5046 | D:7      | 5046 ||| FLEEEEING.
  5047 | D:7      | 5047 ||| FLEEEEING.
  5048 | D:7      | 5048 ||| FLEEEEING.
  5115 | D:7      | Reached skill level 12 in Ranged Weapons
  5260 | D:7      | Found a shadowy altar of Dithmenos.
  5360 | D:7      | 5360 ||| SWAPPING to +0 orcbow.
  5361 | D:7      | 5361 ||| DROPPING +0 shortbow.
  5373 | D:7      | Found a staircase to the Ecumenical Temple.
  5374 | D:7      | 5374 ||| PLANNING TEMPLE
  5436 | D:7      | 5436 ||| READING 2 scrolls of identify.
  5436 | D:7      | 5436 ||| IDENTIFYING smoky black potion
  5437 | D:7      | 5437 ||| DROPPING potion of ambrosia.
  5446 | Temple   | Entered the Ecumenical Temple
  5449 | Temple   | 5449 ||| PLANNING OKAWARU WORSHIP
  5626 | Temple   | Became a worshipper of Warmaster Okawaru
  5626 | Temple   | 5626 ||| PLANNING D:1-11
  5799 | D:8      | 5799 ||| FLEEEEING.
  5800 | D:8      | 5800 ||| FLEEEEING.
  5801 | D:8      | 5801 ||| STAIRDANCE
  5864 | D:8      | 5864 ||| STAIRDANCE
  5870 | D:7      | Reached skill level 6 in Dodging
  6032 | D:8      | 6032 ||| FLEEEEING.
  6033 | D:8      | 6033 ||| FLEEEEING.
  6034 | D:8      | 6034 ||| FLEEEEING.
  6035 | D:8      | 6035 ||| FLEEEEING.
  6036 | D:8      | 6036 ||| FLEEEEING.
  6037 | D:8      | 6037 ||| FLEEEEING.
  6038 | D:8      | 6038 ||| FLEEEEING.
  6039 | D:8      | 6039 ||| FLEEEEING.
  6040 | D:8      | 6040 ||| STAIRDANCE
  6137 | D:8      | 6137 ||| STAIRDANCE
  6318 | D:8      | Found a basalt altar of Yredelemnul.
  6484 | D:8      | 6484 ||| UPGRADING to +0 cloak.
  6489 | D:8      | 6489 ||| READING scroll labelled BOCOXA BULICZE.
  6490 | D:8      | 6490 ||| READING scroll labelled JITANK UWYEF.
  6591 | D:8      | 6591 ||| DRINKING 2 glowing puce potions.
  6592 | D:8      | 6592 ||| READING 2 scrolls of identify.
  6592 | D:8      | 6592 ||| IDENTIFYING yellow potion
  6593 | D:8      | 6593 ||| DROPPING potion of lignification.
  6752 | D:9      | Reached * piety under Okawaru
  6809 | D:9      | 6809 ||| INVOKING Heroism.
  6832 | D:9      | Reached XP level 10. HP: 83/88 MP: 9/9
  6915 | D:9      | Reached skill level 13 in Ranged Weapons
  6992 | D:9      | Found a hide-covered altar of Uskayaw.
  6995 | D:9      | Found a radiant altar of Vehumet.
  7003 | D:9      | 7003 ||| INVOKING Heroism.
  7006 | D:9      | Reached skill level 1 in Invocations
  7199 | D:9      | Found Fupt's Antique Weapon Shoppe.
  7205 | D:9      | 7205 ||| Stepping ~*~*~tactically~*~*~ (outnumbered).
  7207 | D:9      | 7207 ||| Stepping ~*~*~tactically~*~*~ (outnumbered).
  7347 | D:9      | Found Alic Gong's Armour Shop.
  7405 | D:9      | 7405 ||| DROPPING +6 ring of strength.
  7406 | D:9      | 7406 ||| READING scroll labelled JULUBUMUODA.
  7423 | D:10     | Entered Level 10 of the Dungeon
  7436 | D:10     | 7436 ||| INVOKING Heroism.
  7457 | D:10     | 7457 ||| INVOKING Heroism.
  7459 | D:10     | Reached skill level 9 in Fighting
  7559 | D:10     | Found a staircase to the Orcish Mines.
  7667 | D:10     | Noticed a manticore
  7668 | D:10     | Reached skill level 3 in Invocations
  7668 | D:10     | 7668 ||| INVOKING Heroism.
  7671 | D:10     | Noticed a soul eater
  7673 | D:10     | 7673 ||| Stepping ~*~*~tactically~*~*~ (outnumbered).
  7692 | D:10     | 7692 ||| INVOKING Heroism.
  7693 | D:10     | Killed a manticore
  7695 | D:10     | Reached ** piety under Okawaru
  7754 | D:10     | Noticed an orc knight
  7755 | D:10     | 7755 ||| FLEEEEING.
  7756 | D:10     | 7756 ||| FLEEEEING.
  7757 | D:10     | 7757 ||| FLEEEEING.
  7758 | D:10     | 7758 ||| FLEEEEING.
  7759 | D:10     | 7759 ||| FLEEEEING.
  7760 | D:10     | 7760 ||| FLEEEEING.
  7761 | D:10     | 7761 ||| FLEEEEING.
  7762 | D:10     | 7762 ||| FLEEEEING.
  7763 | D:10     | 7763 ||| FLEEEEING.
  7764 | D:10     | 7764 ||| FLEEEEING.
  7765 | D:10     | 7765 ||| INVOKING Heroism.
  7792 | D:10     | 7792 ||| INVOKING Heroism.
  7795 | D:10     | Killed an orc knight
  7796 | D:10     | Reached skill level 14 in Ranged Weapons
  7958 | D:10     | 7958 ||| INVOKING Heroism.
  7989 | D:10     | Noticed Fannar
  8021 | D:10     | Killed Fannar
  8141 | D:10     | Reached XP level 11. HP: 87/99 MP: 13/13
  8154 | D:10     | Reached *** piety under Okawaru
  8276 | D:10     | 8276 ||| INVOKING Heroism.
  8298 | D:10     | You fall into a shaft and drop 2 floors!
  8323 | D:12     | 8323 ||| INVOKING Heroism.
  8345 | D:12     | Noticed a two-headed ogre
  8348 | D:12     | 8348 ||| INVOKING Heroism.
  8357 | D:12     | Killed a two-headed ogre
  8358 | D:12     | Reached skill level 15 in Ranged Weapons
  8382 | D:12     | 8382 ||| DROPPING +0 heavy hand crossbow.
  8389 | D:12     | 8389 ||| INVOKING Heroism.
  8430 | D:12     | Noticed a two-headed ogre
  8431 | D:12     | 8431 ||| INVOKING Heroism.
  8440 | D:12     | Killed a two-headed ogre
  8462 | D:12     | Noticed a red ugly thing
  8476 | D:12     | Killed a red ugly thing
  8477 | D:12     | 8477 ||| INVOKING Heroism.
  8482 | D:12     | 8482 ||| DRINKING 3 potions of curing.
  8482 | D:12     | 8482 ||| (to cure confusion)
  8538 | D:12     | 8538 ||| DROPPING +0 acid dragon scales.
  8539 | D:12     | 8539 ||| UPGRADING to +0 troll leather armour.
  8549 | D:12     | 8549 ||| DROPPING +2 leather armour of cold resistance.
  8550 | D:12     | 8550 ||| READING scroll labelled GENACS ANUHIRI.
  8551 | D:12     | 8551 ||| READING 2 scrolls of identify.
  8551 | D:12     | 8551 ||| IDENTIFYING fizzy purple potion
  8888 | D:10     | Found Catuik's Antique Armour Shop.
  8897 | D:10     | 8897 ||| BUYING glowing leather armour (135 gold).
  8897 | D:10     | Bought a glowing leather armour for 135 gold pieces
  8897 | D:10     | 8897 ||| BUYING shiny ring mail (189 gold).
  8897 | D:10     | Bought a shiny ring mail for 189 gold pieces
  9066 | D:10     | 9066 ||| DROPPING +1 leather armour of willpower.
  9100 | D:11     | 9100 ||| INVOKING Heroism.
  9114 | D:11     | Noticed a two-headed ogre
  9123 | D:11     | Killed a two-headed ogre
  9123 | D:11     | Reached **** piety under Okawaru
  9124 | D:11     | Reached skill level 16 in Ranged Weapons
  9137 | D:11     | 9137 ||| FLEEEEING.
  9138 | D:11     | 9138 ||| FLEEEEING.
  9139 | D:11     | 9139 ||| FLEEEEING.
  9140 | D:11     | 9140 ||| FLEEEEING.
  9141 | D:11     | 9141 ||| FLEEEEING.
  9142 | D:11     | 9142 ||| FLEEEEING.
  9173 | D:11     | 9173 ||| INVOKING Heroism.
  9193 | D:11     | Found a staircase to the Lair.
  9348 | D:11     | Reached ***** piety under Okawaru
  9391 | D:11     | Received a gift from Okawaru
  9777 | D:11     | Noticed a boulder beetle
  9778 | D:11     | 9778 ||| INVOKING Heroism.
  9779 | D:11     | 9779 ||| INVOKING Finesse.
  9785 | D:11     | Killed a boulder beetle
  9786 | D:11     | Reached skill level 6 in Invocations
  9786 | D:11     | Reached XP level 12. HP: 107/107 MP: 7/15
  9981 | D:11     | 9981 ||| PLANNING LAIR
  9981 | D:11     | 9981 ||| DROPPING +6 ring of intelligence.
  9982 | D:11     | 9982 ||| UPGRADING to +6 ring of dexterity.
  9984 | D:11     | 9984 ||| DROPPING +4 ring of protection.
 10002 | Lair:1   | Entered Level 1 of the Lair of Beasts
 10003 | Lair:1   | 10003 ||| PLANNING GAUNTLET
 10285 | Lair:1   | Found a gate leading to a gauntlet.
 10286 | Lair:1   | 10286 ||| READING scroll labelled BAMAUN LEISI.
 10295 | Gauntlet | Entered a Gauntlet
 10295 | Gauntlet | Found a transporter.
 10298 | Gauntlet | Found a transporter.
 10298 | Gauntlet | Noticed a reaper
 10312 | Gauntlet | Found a transporter.
 10316 | Gauntlet | Found a transporter.
 10324 | Gauntlet | Noticed a reaper
 10328 | Gauntlet | Found a transporter.
 10346 | Gauntlet | Found a transporter.
 10347 | Gauntlet | Noticed a dire elephant
 10359 | Gauntlet | Found a transporter.
 10376 | Gauntlet | Found a transporter.
 10380 | Gauntlet | Found a transporter.
 10383 | Gauntlet | Noticed an entropy weaver
 10388 | Gauntlet | Found a transporter.
 10410 | Gauntlet | Found a transporter.
 10414 | Gauntlet | Found a transporter.
 10471 | Gauntlet | 10471 ||| Stepping ~*~*~tactically~*~*~ (outnumbered).
 10478 | Gauntlet | 10478 ||| INVOKING Heroism.
 10490 | Gauntlet | Killed a reaper
 10536 | Gauntlet | Identified the +0 hat "Malussag" {Fly rC+ Slay+2}
 10541 | Gauntlet | Identified the +7 long sword of Crawling {heavy, rN+}
 10542 | Gauntlet | 10542 ||| UPGRADING to +0 hat "Malussag" {Fly rC+ Slay+2}.
 10552 | Gauntlet | 10552 ||| DROPPING +2 hat.
 10558 | Gauntlet | 10558 ||| INVOKING Heroism.
 10570 | Gauntlet | Killed a dire elephant
 10581 | Gauntlet | Reached skill level 9 in Dodging
 10619 | Gauntlet | 10619 ||| DROPPING ring of protection from cold.
 10648 | Gauntlet | Identified the +9 war axe "Fahiunam" {protect, Fly Dex-5
                  | SInv Stlth-}
 10648 | Gauntlet | Noticed a minotaur
 10649 | Gauntlet | 10649 ||| INVOKING Heroism.
 10658 | Gauntlet | HP: 27/108 [minotaur/the +9 war axe "Fahiunam" {protect,
                  | Fly Dex-5 SInv Stlth-} (32)]
 10659 | Gauntlet | 10659 ||| DRINKING 4 potions of heal wounds.
 10659 | Gauntlet | HP: 8/108 [minotaur/the +9 war axe "Fahiunam" {protect, Fly
                  | Dex-5 SInv Stlth-} (26)]
 10660 | Gauntlet | 10660 ||| DRINKING 3 potions of heal wounds.
 10661 | Gauntlet | 10661 ||| DRINKING 2 potions of heal wounds.
 10666 | Gauntlet | HP: 4/108 [minotaur/the +9 war axe "Fahiunam" {protect, Fly
                  | Dex-5 SInv Stlth-} (30)]
 10667 | Gauntlet | 10667 ||| DRINKING potion of heal wounds.
 10671 | Gauntlet | Mangled by a minotaur

Levels and vault maps discovered:
D:1:      scummos_arrival_simple_crosswalls, layout_loops_ring, nrook_campfire,
          serial_bayou_pond_a, minmay_surrounded
D:2:      layout_rooms
D:3:      minmay_thinvault, layout_rooms
D:4:      layout_basic, ebering_ghost_disaster_area, uniq_menkaure
D:5:      minmay_octagon_keep, layout_basic, kennysheep_little_box
D:6:      layout_loops_ring, mainiacjoe_overflow_small_starburst,
          mainiacjoe_overflow_large_starburst
D:7:      layout_rooms, lemuel_coloured_pillars_altar,
          minmay_temple_entry_glassed_door
D:8:      layout_cave_pools, yredelemnul_altar_generic
D:9:      layout_roguey, nicolae_overflow_squiral, serial_shops,
          nicolae_shop_advertising_works [nicolae_subvault_shop_adworks], shop,
          minmay_misc_feat_cross, serial_park_tiny_1
D:10:     layout_basic, hiddenorc1_lemuel, serial_shops, shop, minmay_bent,
          uniq_fannar
D:11:     layout_cave_pods, due_lair_maze_entry_diamond, reono_crystal_passage
D:12:     layout_roguey, grunt_ministairs_4
Temple:   eino_temple_water
Lair:1:   layout_roguey, gauntlet_entry_generic, minivault_25
Gauntlet: minmay_gauntlet_mixed_oops_all_seconds
          [minmay_gauntlet_arena_77_squiggly, gammafunk_gauntlet_arena_grid,
          minmay_gauntlet_arena_77_box, gammafunk_gauntlet_arena_teeth,
          minmay_gauntlet_arena_77_mirror, nicolae_gauntlet_arena_grate_2,
          nicolae_gauntlet_exit_dead_adventurers]

Skill      XL: |  1  2  3  4  5  6  7  8  9 10 11 12 |
---------------+-------------------------------------+-----
Ranged Weapons | 5 6 7 8 9 11 12 14 16 | 16.1
Fighting       | 3 4 6 7 8 10 | 10.6
Armour         | 1 3 5 |  5.1
Dodging        | 3 4 6 7 8 9 |  9.0
Invocations    | 4 6 7 |  7.2
Stealth        | |  0.7

Action                     |  1- 3 |  4- 6 |  7- 9 | 10-12 || total
---------------------------+-------+-------+-------+-------++-------
   Fire: Shortbow          |   147 |   261 |   368 |       ||   776
         Orcbow            |       |       |   116 |   546 ||   662
 Invoke: Heroism           |       |       |     1 |    20 ||    21
         Finesse           |       |       |       |     1 ||     1
    Use: Scroll            |     4 |     3 |     9 |     4 ||    20
         Potion            |     1 |     3 |     3 |     5 ||    12
 Armour: Leather armour    |    16 |    65 |   102 |   109 ||   292
         Troll leather arm |       |       |       |    18 ||    18
  Dodge: Dodged            |    39 |    66 |   205 |   330 ||   640

Table legend:
 A = Non-vault XP
 B = Vault XP
 C = Vault XP percentage of total XP
 D = Non-vault monster count
 E = Vault monster count
 F = Vault count percentage of total count
                 A         B        C        D         E       F
            +---------+---------+-------+---------+---------+-------
      Total |   16704 |    9525 |  36.3 |     226 |      74 |  24.7
            +---------+---------+-------+---------+---------+-------
        D:1 |      30 |       2 |   6.2 |      18 |       2 |  10.0
        D:2 |      46 |       0 |   0.0 |      17 |       0 |   0.0
        D:3 |     139 |      39 |  21.9 |      26 |      18 |  40.9
        D:4 |     558 |     172 |  23.6 |      16 |       1 |   5.9
        D:5 |     645 |     581 |  47.4 |      17 |      10 |  37.0
        D:6 |     670 |       0 |   0.0 |      17 |       0 |   0.0
        D:7 |    1600 |       0 |   0.0 |      28 |       0 |   0.0
        D:8 |     270 |       0 |   0.0 |      12 |       0 |   0.0
        D:9 |    1480 |       0 |   0.0 |      24 |       0 |   0.0
       D:10 |    2344 |    3798 |  61.8 |      21 |      26 |  55.3
       D:11 |    4024 |    1391 |  25.7 |      16 |      11 |  40.7
       D:12 |    4172 |       0 |   0.0 |      11 |       0 |   0.0
     Lair:1 |     726 |       0 |   0.0 |       3 |       0 |   0.0
   Gauntlet |       0 |    3542 | 100.0 |       0 |       6 | 100.0
            +---------+---------+-------+---------+---------+-------
